 Dungeon Crawl Stone Soup version 0.18.1-5-g4a78601 (webtiles) character file.

21095 GFox the Blocker (level 12, -8/108 HPs)
             Began as a Minotaur Fighter on May 14, 2016.
             Was a High Priest of Qazlal.
             Mangled by a slime creature (14 damage)
             ... on level 13 of the Dungeon.
             The game lasted 02:09:58 (12003 turns).

GFox the Blocker (Minotaur Fighter)                Turns: 12003, Time: 02:09:59

Health: -8/108     AC: 11    Str: 33    XL:     12   Next: 51%
Magic:  11/11      EV: 12    Int:  5    God:    Qazlal [*****.]
Gold:   658        SH: 21    Dex:  8    Spells: 0 memorised, 11 levels left

rFire  + + .     SeeInvis .     F - +0 broad axe
rCold  x . .     Gourm    .     v - +1 ring mail of the Stag {rElec rC- Str+5}
rNeg   . . .     Faith    .     c - +0 shield
rPois  .         Spirit   .     (helmet restricted)
rElec  +         Dismiss  .     g - +0 cloak
rCorr  .         Reflect  .     (no gloves)
SustAt +         Harm     .     N - +0 pair of boots
MR     .....                    (no amulet)
Stlth  +.........               n - ring of protection from fire
                                b - ring of sustain attributes

@: very slightly contaminated, repel missiles, invisible, not resistant to
hostile enchantments, very unstealthy
A: retaliatory headbutt, horns 2, clumsy 1, fire resistance 1, slow regeneration
1, strong 1
a: Upheaval, Elemental Force, Disaster Area, Renounce Religion


You were on level 13 of the Dungeon.
You worshipped Qazlal.
Qazlal was extremely pleased with you.
You were not hungry.

You visited 1 branch of the dungeon, and saw 13 of its levels.

You collected 658 gold pieces.

Inventory:

Hand Weapons
 F - a +0 broad axe (weapon)
Missiles
 q - 4 steel javelins (quivered)
Armour
 c - a +0 shield (worn)
 g - a +0 cloak (worn)
 l - a +3 plate armour
 v - the +1 ring mail of the Stag (worn) {rElec rC- Str+5}
   (You found it on level 11 of the Dungeon)

   It affects your strength (+5).
   It makes you vulnerable to cold.
   It insulates you from electricity.
 N - a +0 pair of boots (worn)
Jewellery
 b - a ring of sustain attributes (left hand)
 n - a ring of protection from fire (right hand)
 C - an uncursed ring of protection from cold
 D - an uncursed ring of ice
Wands
 h - a wand of digging (23/24)
 s - a wand of flame (26/48)
 x - a wand of acid (6/15)
 y - a wand of lightning (6/15)
 E - a wand of teleportation (4/9)
 G - a wand of random effects (14/48)
 J - a wand of lightning (9/15)
 K - a wand of digging (3/24)
Scrolls
 a - a scroll of torment {unknown}
 e - 5 scrolls of teleportation
 m - 7 scrolls of identify
 o - 3 scrolls of blinking
 t - 4 scrolls of remove curse
 A - 5 scrolls of recharging
 B - a scroll of magic mapping
 M - a scroll of amnesia
Potions
 k - 4 potions of brilliance
 r - a potion of magic
Miscellaneous
 p - a phial of floods
Comestibles
 f - 6 bread rations
 j - 4 beef jerkies
 u - 2 slices of pizza
 w - 8 royal jellies
 z - 3 meat rations


   Skills:
 + Level 10.8 Fighting
 + Level 12.9 Axes
 + Level 0.4 Throwing
 + Level 11.4 Armour
 + Level 5.5 Dodging
 + Level 1.6 Stealth
 + Level 13.8 Shields
 + Level 0.2 Invocations


You had 11 spell levels left.
You didn't know any spells.

Dungeon Overview and Level Annotations

Branches:
Dungeon (13/15)            Temple (0/1) D:7            Lair (0/8) D:10
    Orc (0/2) D:10
 Vaults: D:13-14

Altars:
Ashenzari
Elyvilon
Gozag
Makhleb
Pakellas
Qazlal
Sif Muna
Trog
Vehumet
Xom
Yredelemnul


Innate Abilities, Weirdness & Mutations

You reflexively headbutt those who attack you in melee.
You have a pair of horns on your head.
You are clumsy. (Dex -2)
Your flesh is heat resistant.
You regenerate slowly when monsters are visible.
Your muscles are strong. (Str +2)


Message History

You strike the helpless slime creature from behind!
You hit the slime creature.
The slime creature is almost dead.
You block the slime creature's attack. The slime creature closely misses you.
You furiously retaliate!
You headbutt the slime creature.
You hit the slime creature but do no damage.
You headbutt the slime creature.
The slime creature is almost dead.
You hit the slime creature but do no damage.
The slime creature is almost dead.
You hear a bellow!
You hit the slime creature.
The slime creature is almost dead.
You catch the helpless slime creature completely off-guard!
You slash the slime creature!
You kill the slime creature!
Qazlal accepts your kill.
You hear a shout! x3
The slime creature hits you!
You die...

######+####### ##
#............# ...
#....§§§.....# ....
#.....J..§...# .....
#.....§@§§<..####......
#....§.......'..'......
#........§...####......
########+##### #####


You could see a slime creature.

Vanquished Creatures
  A hydra (D:11)
  The ghost of PossumBlood the Cleaver, a journeyman FoFi of Okawaru (D:10)
  An unseen horror (D:10)
  2 hill giants (D:10)
  Pikel (D:4)
  An oklob plant (D:10)
  A cyclops (D:11)
  2 ugly things
  A centaur zombie (D:12)
  Joseph (D:8)
  Psyche (D:8)
  A gargoyle (D:10)
  A kobold demonologist (D:12)
  A komodo dragon (D:10)
  3 trolls (D:11)
  A queen bee (D:8)
  4 slime creatures (D:13)
  A shadow (D:11)
  2 wyverns
  16 yaks
  3 hippogriffs
  6 vampire mosquitoes (D:12)
  4 hungry ghosts
  A mottled dragon (D:12)
  A steam dragon (D:8)
  Menkaure (D:6)
  Edmund (D:4)
  2 soldier ants
  A water moccasin (D:11)
  4 sky beasts
  8 orc warriors
  2 black bears
  An eye of draining (D:10)
  3 ice beasts
  6 ogres
  2 phantoms
  6 centaurs
  A crocodile (D:10)
  2 big kobolds
  6 giant frogs
  2 scorpions
  28 killer bees
  9 wights
  7 howler monkeys
  5 crimson imps
  2 giant frog zombies
  4 hounds
  A quasit (D:12)
  5 jellies
  3 centaur skeletons
  3 giant frog skeletons
  6 orc priests
  A gnoll shaman (D:4)
  10 orc wizards
  2 iguanas
  10 worker ants
  A killer bee zombie (D:8)
  A hound skeleton (D:4)
  2 howler monkey zombies
  9 gnolls
  13 adders
  2 river rats (D:10)
  5 shadow imps
  2 adder skeletons
  6 worms
  A dart slug (D:1)
  3 giant geckos
  55 orcs
  12 bats
  6 giant cockroaches
  8 goblins
  5 hobgoblins
  7 jackals
  4 quokkas
  2 ball pythons
  2 giant newts
  16 kobolds
  A quokka skeleton (D:5)
  14 rats
  4 fungi (D:10)
  21 plants
404 creatures vanquished.

Vanquished Creatures (others)
  2 slaves (D:4)
  An orc (D:4)
  14 kobolds (D:4)
  8 fungi (D:10)
  5 plants
30 creatures vanquished.

Grand Total: 434 creatures vanquished

Notes
Turn   | Place    | Note
--------------------------------------------------------------
     0 | D:1      | GFox the Minotaur Fighter began the quest for the Orb.
     0 | D:1      | Reached XP level 1. HP: 19/19 MP: 0/0
   220 | D:1      | Reached XP level 2. HP: 27/27 MP: 1/1
   769 | D:2      | Reached skill level 4 in Shields
   769 | D:2      | Reached XP level 3. HP: 22/33 MP: 2/2
  1220 | D:2      | Reached XP level 4. HP: 39/41 MP: 3/3
  2259 | D:3      | Found a bloodstained altar of Trog.
  2473 | D:3      | You fall through a shaft for 3 floors!
  2473 | D:6      | Noticed Menkaure
  2482 | D:6      | Killed Menkaure
  2482 | D:6      | Reached skill level 5 in Armour
  2482 | D:6      | Reached skill level 5 in Shields
  2482 | D:6      | Reached XP level 5. HP: 26/47 MP: 4/4
  2522 | D:6      | Noticed a phantom
  2526 | D:6      | Reached skill level 5 in Fighting
  2545 | D:6      | Reached XP level 6. HP: 31/56 MP: 5/5
  2571 | D:5      | Entered Level 5 of the Dungeon
  2740 | D:5      | Found a shimmering altar of Xom.
  2790 | D:4      | Noticed Edmund
  2797 | D:4      | Killed Edmund
  2797 | D:4      | Reached XP level 7. HP: 59/61 MP: 6/6
  2839 | D:3      | Found a stormy altar of Qazlal.
  2847 | D:3      | Became a worshipper of Qazlal Stormbringer
  3213 | D:3      | Found a radiant altar of Vehumet.
  3306 | D:4      | Reached skill level 5 in Axes
  3306 | D:4      | Reached skill level 1 in Dodging
  3339 | D:4      | Noticed Pikel
  3357 | D:4      | Killed Pikel
  3357 | D:4      | Reached skill level 6 in Shields
  3357 | D:4      | Reached XP level 8. HP: 60/70 MP: 7/7
  3765 | D:4      | Reached * piety under Qazlal
  4036 | D:4      | Reached skill level 7 in Shields
  4286 | D:4      | Found an opulent altar of Gozag.
  4287 | D:4      | Found a shattered altar of Ashenzari.
  4364 | D:5      | Reached ** piety under Qazlal
  4554 | D:5      | Gained mutation: You occasionally shout uncontrollably at your foes. [mutagenic meat]
  4555 | D:5      | Gained mutation: You evolve. [mutagenic meat]
  4557 | D:5      | Gained mutation: You are agile. (Dex +2) [mutagenic meat]
  4558 | D:5      | Gained mutation: You have sharp toenails. [mutagenic meat]
  4583 | D:5      | Reached XP level 9. HP: 79/79 MP: 8/8
  5269 | D:6      | Found an oddly glowing altar of Pakellas.
  5269 | D:6      | Noticed an ice dragon
  5300 | D:7      | Found a basalt altar of Yredelemnul.
  5309 | D:7      | Reached skill level 1 in Stealth
  5368 | D:7      | Found a staircase to the Ecumenical Temple.
  5418 | D:7      | Reached skill level 8 in Shields
  5459 | D:7      | Found a white marble altar of Elyvilon.
  5724 | D:7      | Reached *** piety under Qazlal
  5901 | D:8      | Noticed Psyche
  5909 | D:8      | Killed Psyche
  6044 | D:8      | Reached skill level 9 in Shields
  6306 | D:8      | Reached XP level 10. HP: 88/88 MP: 9/9
  6470 | D:8      | Reached **** piety under Qazlal
  6502 | D:8      | Noticed Joseph
  6525 | D:8      | Killed Joseph
  6525 | D:8      | Reached skill level 10 in Shields
  6572 | D:8      | Reached skill level 10 in Armour
  7109 | D:9      | Reached skill level 10 in Axes
  7315 | D:9      | Found a burning altar of Makhleb.
  7482 | D:9      | Gained mutation: Armour fits poorly on your strangely shaped body. [evolution]
  7483 | D:9      | Lost mutation: You evolve. [potion of cure mutation]
  7483 | D:9      | Lost mutation: Armour fits poorly on your strangely shaped body. [potion of cure mutation]
  7483 | D:9      | Lost mutation: You have sharp toenails. [potion of cure mutation]
  7483 | D:9      | Lost mutation: You are agile. (Dex +2) [potion of cure mutation]
  7483 | D:9      | Lost mutation: You occasionally shout uncontrollably at your foes. [potion of cure mutation]
  7484 | D:9      | Gained mutation: Your flesh is cold resistant. [potion of beneficial mutation]
  7617 | D:10     | Entered Level 10 of the Dungeon
  7623 | D:10     | Noticed a hill giant
  7630 | D:10     | Killed a hill giant
  7630 | D:10     | Reached skill level 11 in Shields
  7826 | D:10     | Noticed a gargoyle
  7841 | D:10     | Killed a gargoyle
  7841 | D:10     | Reached XP level 11. HP: 29/97 MP: 10/10
  7847 | D:10     | HP: 3/97 [orc warrior/hand axe (8)]
  7853 | D:10     | Found a deep blue altar of Sif Muna.
  7861 | D:10     | Noticed an oklob plant
  7872 | D:10     | Noticed PossumBlood's ghost (journeyman FoFi)
  7893 | D:10     | Killed PossumBlood's ghost
  8293 | D:10     | Killed an oklob plant
  8473 | D:10     | Reached skill level 12 in Shields
  8518 | D:10     | Reached ***** piety under Qazlal
  8648 | D:10     | Found a staircase to the Lair.
  9165 | D:10     | Killed an unseen horror
  9583 | D:10     | Found a staircase to the Orcish Mines.
  9663 | D:10     | Noticed a hill giant
  9670 | D:10     | Killed a hill giant
  9670 | D:10     | Reached skill level 10 in Fighting
  9763 | D:11     | Noticed a seven-headed hydra
  9849 | D:11     | Killed a seven-headed hydra
  9896 | D:11     | Gained mutation: Your flesh is heat resistant. [mutagenic meat]
  9897 | D:11     | Gained mutation: You regenerate slowly when monsters are visible. [mutagenic meat]
 10098 | D:11     | Reached skill level 13 in Shields
 10144 | D:11     | Reached XP level 12. HP: 69/106 MP: 11/11
 10507 | D:11     | Got a dazzling ring mail
 10518 | D:11     | Identified the +1 ring mail of the Stag {rElec rC- Str+5} (You found it on level 11 of the Dungeon)
 11040 | D:12     | Gained mutation: Your muscles are strong. (Str +2) [mutagenic meat]
 11041 | D:12     | Gained mutation: Your body sometimes deteriorates upon taking damage. [mutagenic meat]
 11043 | D:12     | Lost mutation: Your body sometimes deteriorates upon taking damage. [mutagenic meat]
 11168 | D:12     | Reached skill level 5 in Dodging
 11599 | D:12     | Gained mutation: You expend magic power (3 MP) to strengthen your wands. [potion of mutation]
 11599 | D:12     | Gained mutation: Your spells are a little harder to cast, but a little more powerful. [potion of mutation]
 11599 | D:12     | Gained mutation: You are clumsy. (Dex -2) [potion of mutation]
 11794 | D:12     | Lost mutation: Your flesh is cold resistant. [potion of mutation]
 11794 | D:12     | Lost mutation: You expend magic power (3 MP) to strengthen your wands. [potion of mutation]
 11794 | D:12     | Lost mutation: Your spells are a little harder to cast, but a little more powerful. [potion of mutation]
 12003 | D:13     | Mangled by a slime creature

Skill      XL: |  1  2  3  4  5  6  7  8  9 10 11 12 |
---------------+-------------------------------------+-----
Fighting       | 4 5 6 7 8 9 10 | 10.8
Armour         | 4 5 6 7 8 9 10 11 | 11.4
Shields        | 4 5 6 7 9 11 13 | 13.8
Axes           | 3 4 5 7 9 10 12 | 12.9
Dodging        | 1 3 4 5 |  5.5
Stealth        | 1 |  1.6
Throwing       | |  0.4
Invocations    | |  0.2

Action                   |  1- 3 |  4- 6 |  7- 9 | 10-12 || total
-------------------------+-------+-------+-------+-------++-------
Melee: War axe           |    92 |   103 |   277 |       ||   472
       Headbutt          |    10 |    20 |    95 |   119 ||   244
       Broad axe         |       |       |   110 |   611 ||   721
Throw: Javelin           |       |       |       |     6 ||     6
Invok: Upheaval          |       |       |       |     1 ||     1
Evoke: Wand              |       |       |       |     1 ||     1
  Use: Scroll            |     3 |     4 |     9 |     8 ||    24
       Potion            |       |     6 |     6 |    11 ||    23
 Stab: Invisible         |       |       |     3 |     2 ||     5
  Eat: Chunk             |     1 |     2 |    11 |    18 ||    32
       Meat ration       |       |     1 |       |       ||     1
       Bread ration      |       |       |     1 |     4 ||     5
Armor: Scale mail        |     3 |       |       |       ||     3
       Plate armour      |    49 |    51 |   126 |   315 ||   541
       Skin              |       |       |    20 |       ||    20
       Ring mail         |       |       |       |    29 ||    29
Dodge: Dodged            |    20 |    25 |    60 |   168 ||   273
       Deflected         |       |       |       |     6 ||     6
Block: Shield            |    43 |    46 |   240 |   717 ||  1046
